 Dungeon Crawl Stone Soup version 0.29.1-15-g9cfb28693d (webtiles) character file.

Game seed: 5795106217038064769

144 Gustavia the Cudgeller (level 5, 0/53 HPs)
             Began as an Ogre Gladiator on Mar 24, 2023.
             Slain by Crazy Yiuf
             ... wielding a +3 quarterstaff of chaos
              (15 damage)
             ... on level 2 of the Dungeon.
             The game lasted 00:06:07 (2525 turns).

Gustavia the Cudgeller (Ogre Gladiator)             Turns: 2525, Time: 00:06:08

Health: 0/53       AC:  3    Str: 20    XL:     5   Next: 26%
Magic:  6/6        EV: 14    Int:  9    God:
Gold:   130        SH:  0    Dex: 10    Spells: 4/4 levels left

rFire   . . .      SeeInvis .   a - +0 flail (vamp)
rCold   . . .      Faith    .   (no shield)
rNeg    . . .      Spirit   .   b - +0 robe
rPois   .          Reflect  .   c - +0 hat
rElec   .          Harm     .   (no cloak)
rCorr   .          Rampage  .   (gloves unavailable)
Will    +....                   (boots unavailable)
Stlth   +.........              (no amulet)
HPRegen 0.17/turn               l - +4 ring of evasion
MPRegen 0.10/turn               (no ring)

@: lethally poisoned (0 -> -6)
A: large, unfitting armour, tough skin 1, high MP 2, strong-willed 1
a: no special abilities


You were on level 2 of the Dungeon.
You visited 1 branch of the dungeon, and saw 2 of its levels.

You collected 130 gold pieces.

Inventory:

Hand Weapons
 a - a +0 vampiric flail (weapon)
Missiles
 d - 3 throwing nets (quivered)
 e - a large rock
Armour
 b - a +0 robe (worn)
 c - a +0 hat (worn)
Jewellery
 h - the ring of Utostuts {Ice rElec Will- Int+8}
   (You found it on level 2 of the Dungeon)

   [ring of ice]

   It enhances your ice magic.
   Int:       It affects your intelligence (+8).
   rF:        It makes you vulnerable to fire.
   rC:        It protects you from cold.
   rElec:     It insulates you from electricity.
   Will:      It decreases your willpower.
 l - a +4 ring of evasion (left hand)
Scrolls
 f - 2 scrolls of teleportation
Potions
 g - a potion of magic
 m - a potion of flight {unknown}
 n - a potion of cancellation {unknown}


   Skills:
 + Level 3.6 Fighting
 + Level 4.3 Maces & Flails
 + Level 2.1 Throwing
 + Level 3.4 Dodging
 + Level 0.4 Stealth


You had 4 spell levels left.
You didn't know any spells.
Your spell library was empty.

Dungeon Overview and Level Annotations

Branches:
Dungeon (2/15)

Altars:

Annotations:
D:2 Crazy Yiuf


Innate Abilities, Weirdness & Mutations

You are too large for most types of armour.
You have tough skin. (AC +1)
You have a considerably increased reservoir of magic. (+20% MP)
You are strong-willed. (Will+)


Message History

Okay, then.
You see here a +2 pair of boots.
Found a hammer.
Found a runed translucent door.
Crazy Yiuf shouts!
You open the door. You barely miss Crazy Yiuf.
Crazy Yiuf hits you with a +3 quarterstaff of chaos!
You are poisoned.
Crazy Yiuf says, "Nubble hand eyeball!"
Crazy Yiuf hits you with a +3 quarterstaff of chaos!
Crazy Yiuf freezes you.
You hit Crazy Yiuf.
You feel better.
Your punch misses Crazy Yiuf.
Crazy Yiuf is moderately wounded.
You feel very sick.
Crazy Yiuf hits you with a +3 quarterstaff of chaos!
Crazy Yiuf burns you.
You closely miss Crazy Yiuf.
Crazy Yiuf is moderately wounded.
You feel very sick.
Crazy Yiuf hits you with a +3 quarterstaff of chaos.
Okay, then.
You feel better. Crazy Yiuf barely misses you.
You hit Crazy Yiuf but do no damage.
Crazy Yiuf is moderately wounded.
Crazy Yiuf barely misses you.
You hit Crazy Yiuf.
Crazy Yiuf is severely wounded.
Crazy Yiuf hits you with a +3 quarterstaff of chaos!
You are poisoned.
Okay, then.
Okay, then.
You hit Crazy Yiuf.
You feel better.
Crazy Yiuf is almost dead.
You feel very sick. Crazy Yiuf barely misses you.
You barely miss Crazy Yiuf.
Crazy Yiuf is almost dead.
You feel sick.
Crazy Yiuf hits you with a +3 quarterstaff of chaos!
You die...

### ♣♣#### #)..#♣♣
♣♣....##
#...g@♣♣♣♣......######
#...#♣..♣.......#.....
### ♣♣♣.♣......#.....
♣♣♣♣♣##..#.....
#........
#############........
#....................
#....................
###
#....................


You could see Crazy Yiuf.

Vanquished Creatures
  Natasha (thrice) (D:2)
  A gnoll (D:1)
  2 adders
  A dart slug (D:2)
  6 endoplasms
  5 goblins
  3 hobgoblins
  4 jackals (D:1)
  5 kobolds
  2 quokkas (D:2)
  3 ball pythons (D:1)
  3 bats
  2 frilled lizards (D:2)
  A rat (D:1)
41 creatures vanquished.

Notes
Turn   | Place    | Note
-------+----------+-------------------------------------------
     0 | D:1      | Gustavia the Ogre Gladiator began the quest for the Orb.
     0 | D:1      | Reached XP level 1. HP: 22/22 MP: 1/1
   177 | D:1      | Reached XP level 2. HP: 24/29 MP: 2/2
   342 | D:1      | Reached skill level 3 in Maces & Flails
   612 | D:1      | Found a faded altar of an unknown god.
   654 | D:1      | Reached XP level 3. HP: 34/36 MP: 3/3
  1251 | D:1      | HP: 1/37 [poisoned by an adder]
  1666 | D:2      | Identified the ring of Utostuts {Ice rElec Will- Int+8}
  1896 | D:2      | Identified the +1 leather armour of Zik Zoi {Regen+ rCorr}
  1965 | D:2      | Noticed Natasha
  1971 | D:2      | Killed Natasha
  1972 | D:2      | Reached XP level 4. HP: 25/45 MP: 4/4
  1988 | D:2      | Noticed Natasha
  1994 | D:2      | Killed Natasha
  1995 | D:2      | Reached skill level 4 in Maces & Flails
  2205 | D:2      | Reached XP level 5. HP: 52/53 MP: 5/5
  2360 | D:2      | Noticed Natasha
  2371 | D:2      | Killed Natasha
  2477 | D:2      | Gained mutation: You are strong-willed. (Will+) [potion of
                  | mutation]
  2477 | D:2      | Gained mutation: You have an increased reservoir of magic.
                  | (+10% MP) [potion of mutation]
  2477 | D:2      | Gained mutation: You have a considerably increased
                  | reservoir of magic. (+20% MP) [potion of mutation]
  2513 | D:2      | Found a runed translucent door.
  2514 | D:2      | Noticed Crazy Yiuf
  2525 | D:2      | Slain by Crazy Yiuf

Illustrated notes

Levels and vault maps discovered:
D:1:      psy_arrival_radial02, layout_loops_ring, basic_ecumenical_altar,
          eino_curves_04, minmay_misc_feat_iff, chequers_serial_rivers_marsh
D:2:      layout_rooms, minmay_box_of_dots, uniq_natasha,
          uniq_crazy_yiuf_cottage

Skill      XL: |  1  2  3  4 |
---------------+-------------+-----
Maces & Flails | 3 4 |  4.3
Dodging        | 3 |  3.4
Fighting       | 3 |  3.6
Throwing       | |  2.1
Stealth        | |  0.4

Action                   |  1- 3 |  4- 6 || total
-------------------------+-------+-------++-------
Melee: Flail             |    82 |    37 ||   119
  Use: Scroll            |     6 |     1 ||     7
       Potion            |       |     2 ||     2
 Stab: Sleeping          |       |     1 ||     1
Armor: Robe              |    22 |     8 ||    30
Dodge: Dodged            |    44 |    18 ||    62
